 Dungeon Crawl Stone Soup version 0.29-a0-575-g0dc89cf053 (webtiles) character file.

Game seed: 17569984519679170223

2085 inmateoo the Chopper (level 9, -4/69 HPs)
             Began as a Demonspawn Fighter on June 12, 2022.
             Killed by divine providence
             ... invoked by an orc priest
              (11 damage)
             ... on level 7 of the Dungeon.
             The game lasted 00:06:09 (8911 turns).

inmateoo the Chopper (Demonspawn Fighter)           Turns: 8911, Time: 00:06:09

Health: -4/69      AC: 11    Str: 19    XL:     9   Next: 6%
Magic:  9/9        EV: 11    Int: 10    God:
Gold:   344        SH:  5    Dex: 14    Spells: 8/8 levels left

rFire   . . .      SeeInvis +   a - +0 war axe (flame)
rCold   . . .      Faith    .   c - +0 buckler
rNeg    . . .      Spirit   .   b - +0 scale mail
rPois   .          Reflect  .   (no helmet)
rElec   .          Harm     .   (no cloak)
rCorr   .          Rampage  .   (no gloves)
Will    +....                   k - +0 pair of boots
Stlth   ..........              (no amulet)
HPRegen 0.21/turn               j - ring of see invisible
MPRegen 0.11/turn               l - ring of willpower

@: no status effects
A: yellow scales 2, demonic guardian 2
a: no special abilities


You were on level 7 of the Dungeon.
You visited 1 branch of the dungeon, and saw 7 of its levels.

You collected 344 gold pieces.

Inventory:

Hand Weapons
 a - a +0 war axe of flaming (weapon)
Missiles
 x - 14 poisoned darts (quivered)
Armour
 b - a +0 scale mail (worn)
 c - a +0 buckler (worn)
 k - a +0 pair of boots (worn)
Jewellery
 j - a ring of see invisible (left hand)
 l - a ring of willpower (right hand)
 s - a ring of fire
Scrolls
 o - 2 scrolls of amnesia
 p - a scroll of fog
Potions
 d - a potion of might
 e - 4 potions of lignification
 f - 2 potions of curing
 g - a potion of berserk rage
 h - 4 potions of cancellation
 i - 2 potions of mutation
 m - a potion of flight
 n - a potion of resistance
 q - 5 potions of attraction
 r - a potion of haste


   Skills:
 + Level 5.6 Fighting
 * Level 6.6 Axes
 + Level 5.2 Armour
 + Level 4.1 Dodging
 + Level 5.1 Shields


You had 8 spell levels left.
You didn't know any spells.
Your spell library contained the following spells:

 Spells                   Type           Power      Damage    Failure   Level
 Freeze                   Ice            0%         1d3       80%         1
 Confusing Touch          Hex            0%         N/A       99%         3
 Conjure Flame            Conj/Fire      0%         6-21      99%         3
 Frozen Ramparts          Ice            0%         1d2       99%         3
 Inner Flame              Hex/Fire       0%         N/A       99%         3
 Portal Projectile        Hex/Tloc       0%         N/A       99%         3
 Cause Fear               Hex            0%         N/A       100%        4
 Hailstorm                Conj/Ice       0%         3d3       100%        4
 Discord                  Hex            0%         N/A       100%        8


Dungeon Overview and Level Annotations

Branches:
Dungeon (7/15)
 Temple: D:4-7

Altars:
Ashenzari
Dithmenos
Fedhas
Gozag
Qazlal
Ru
Xom
The Shining One

Shops:
D:1 =   D:5 [


Innate Abilities, Weirdness & Mutations

You are mostly covered in yellow scales. (AC +3)
A demonic guardian rushes to your aid.


Message History

The orc priest hits you but does no damage.
The orc priest completely misses you.
You are too injured to fight recklessly!
You are too injured to fight recklessly!
You barely miss the orc priest. You slash the orc priest!
You burn the orc priest.
You kill the orc priest!
You slash the scorpion! You burn the scorpion. You hit the orc.
You burn the orc.
You kill the orc!
You block the scorpion's attack. The orc warrior closely misses you.
The orc priest mumbles some strange prayers to Beogh against you.
Beogh smites you!
* * * LOW HITPOINT WARNING * * *
A demonic guardian appears!
You hit the orc priest but do no damage.
You hit the scorpion. You burn the scorpion.
You kill the scorpion!
You block the orc priest's attack.
The orc warrior hits you from afar with a +0 trident!
* * * LOW HITPOINT WARNING * * *
You swap places.
You block the orc priest's attack.
Your rust devil barely misses the orc priest.
The orc priest hits your rust devil with a +0 trident.
The orc warrior hits your rust devil with a +0 trident!
Your rust devil hits the orc warrior.
Your rust devil corrodes the orc warrior!
What are your orders? t - Shout!
Orders for allies: a - Attack new target. p - Attack previous target. r - Retreat! s - Stop attacking. g - Guard the area. f - Follow me.
Anything else - Cancel.
Gang up on whom?
Press: ? - help, Dir - move target, f/p - orc priest
Aim: an orc priest, wielding a +0 trident Attack!
The orc priest calls down the wrath of Beogh upon you.
Beogh smites you!
You die...

## . #############
#.#...........#
#####.#@#########.#
#.........### #.#
.......4)...# #.#
......)oo...# ##.##
#.###.......####...#####
# #...................
#.......####...#####
#.#.....# ##.##
#.#.#.#.# #.#


You could see an orc warrior (corroded), an orc priest (ally target) and a
friendly rust devil (summoned).

Vanquished Creatures
  Prince Ribbit (D:6)
  Eustachio (D:5)
  Menkaure (D:6)
  A water moccasin (D:6)
  An ice beast (D:5)
  A black bear (D:7)
  A phantom (D:3)
  A kobold brigand (D:6)
  A bullfrog (D:6)
  4 necrophages
  Blork the orc (D:6)
  2 scorpions
  2 hounds (D:4)
  4 orc priests
  An iguana (D:6)
  6 orc wizards
  10 gnolls
  5 adders
  2 white imps
  2 worms
  2 dart slugs
  19 orcs
  11 ball pythons
  9 bats
  4 endoplasms
  A giant cockroach (D:2)
  5 goblins
  10 hobgoblins
  11 jackals
  11 kobolds
  3 quokkas
  3 frilled lizards (D:1)
  7 rats
144 creatures vanquished.

Vanquished Creatures (collateral kills)
  2 orc priests (D:4)
  A gnoll (D:4)
3 creatures vanquished.

Grand Total: 147 creatures vanquished

Notes
Turn   | Place    | Note
-------+----------+-------------------------------------------
     0 | D:1      | inmateoo the Demonspawn Fighter began the quest for the
                  | Orb.
     0 | D:1      | Reached XP level 1. HP: 18/18 MP: 1/1
    68 | D:1      | Reached skill level 2 in Axes
    75 | D:1      | Gained mutation: A weak demonic guardian rushes to your
                  | aid. [demonic ancestry]
    75 | D:1      | Reached XP level 2. HP: 17/24 MP: 2/2
   573 | D:1      | Reached XP level 3. HP: 28/29 MP: 3/3
   594 | D:1      | Noticed a floating eye
   598 | D:1      | Noticed a golden eye
   600 | D:1      | Found a faded altar of an unknown god.
   601 | D:1      | Noticed a golden eye
   601 | D:1      | Noticed a floating eye
   991 | D:1      | Found Xenant's Jewellery Emporium.
  1298 | D:2      | Reached skill level 1 in Dodging
  1451 | D:2      | Reached XP level 4. HP: 35/35 MP: 4/4
  2107 | D:1      | Reached skill level 3 in Axes
  2425 | D:2      | Reached XP level 5. HP: 41/41 MP: 5/5
  2559 | D:3      | Found a blossoming altar of Fedhas.
  2839 | D:3      | Found an opulent altar of Gozag.
  2839 | D:3      | Found a shadowy altar of Dithmenos.
  2839 | D:3      | Noticed a phantom
  2856 | D:3      | Killed a phantom
  3681 | D:4      | Gained mutation: You are partially covered in yellow
                  | scales. (AC +2) [demonic ancestry]
  3681 | D:4      | Reached XP level 6. HP: 40/48 MP: 6/6
  3880 | D:4      | Reached skill level 4 in Axes
  4044 | D:4      | Gained mutation: You are mostly covered in yellow scales.
                  | (AC +3) [demonic ancestry]
  4044 | D:4      | Reached XP level 7. HP: 38/54 MP: 7/7
  4555 | D:4      | You fall into a shaft and drop 1 floor!
  4555 | D:5      | Entered Level 5 of the Dungeon
  4560 | D:5      | Noticed Eustachio
  4586 | D:5      | Killed Eustachio
  4699 | D:5      | Reached skill level 5 in Axes
  4866 | D:5      | Found a sacrificial altar of Ru.
  4873 | D:5      | Found Foom's Armour Boutique.
  5078 | D:5      | Reached XP level 8. HP: 18/61 MP: 8/8
  5924 | D:6      | Found a stormy altar of Qazlal.
  5924 | D:6      | Noticed Menkaure
  6336 | D:6      | Killed Menkaure
  6464 | D:6      | Noticed an air elemental
  6505 | D:6      | Noticed Blork the orc
  6515 | D:6      | Killed Blork the orc
  6722 | D:6      | Noticed Prince Ribbit
  6730 | D:6      | Killed Prince Ribbit
  6731 | D:6      | Reached skill level 5 in Fighting
  6906 | D:6      | Reached skill level 6 in Axes
  7316 | D:6      | Got the Reference Book on Beguiling and Ignition
  7366 | D:6      | Found a shimmering altar of Xom.
  7869 | D:6      | Found a broken altar of Ashenzari.
  7944 | D:6      | Reached skill level 5 in Armour
  7944 | D:6      | Reached skill level 5 in Shields
  8331 | D:7      | Gained mutation: A demonic guardian rushes to your aid.
                  | [demonic ancestry]
  8331 | D:7      | Reached XP level 9. HP: 68/68 MP: 9/9
  8911 | D:7      | Killed from afar by an orc priest

Illustrated notes

Levels and vault maps discovered:
D:1:      mainiacjoe_arrival_reflecting_pool, layout_loops_corners,
          serial_shops, nicolae_lakefront_shop,
          hellmonk_ecumenical_altar_watching_god
D:2:      layout_loops_corners
D:3:      layout_loops_ring, tso_altar, grunt_temple_overflow_open,
          lemuel_doored_altar
D:4:      layout_cave_pools
D:5:      layout_loops_corners, hangedman_ru_absence, serial_shops,
          nicolae_shop_waterfront, serial_park_tiny_pond, uniq_eustachio
D:6:      layout_layer_cave, nicolae_overflow_hidden_temple,
          mainiacjoe_overflow_alcove_1, nicolae_qazlal_style_of_elements,
          uniq_prince_ribbit1, uniq_menkaure, uniq_blork_the_orc
D:7:      minmay_recursive_quarters, layout_loops_ring, temple_hall

Skill      XL: |  1  2  3  4  5  6  7  8 |
---------------+-------------------------+-----
Axes           | 2 3 4 5 6 |  6.6
Shields        | 3 4 5 |  5.1
Armour         | 3 4 5 |  5.2
Dodging        | 1 2 3 4 |  4.1
Fighting       | 4 5 |  5.6

Action                   |  1- 3 |  4- 6 |  7- 9 || total
-------------------------+-------+-------+-------++-------
Melee: War axe           |   131 |   170 |   161 ||   462
  Use: Scroll            |     1 |     9 |     9 ||    19
 Stab: Distracted        |       |       |     1 ||     1
Armor: Scale mail        |    87 |    99 |    92 ||   278
Dodge: Dodged            |    70 |   110 |    99 ||   279
Block: Buckler           |    30 |    47 |    48 ||   125

Table legend: (Time is in decaauts)
 A = Elapsed time spent in this place.
 B = Non-inter-level travel time spent in this place.
 C = Inter-level travel time spent in this place.
 D = Time resting spent in this place.
 E = Time spent auto-exploring this place.
 F = Levels seen in this place.
 G = Mean time per level.
                   A        B        C        D        E       F      G
               +--------+--------+--------+--------+--------+-----+--------+
         Total |   9085 |   8917 |    168 |   3177 |   4398 |   7 | 1297.9 |
       Dungeon |   9085 |   8917 |    168 |   3177 |   4398 |   7 | 1297.9 |
               +--------+--------+--------+--------+--------+-----+--------+

Top non-repeatable levels by time:
     D:6: 1853 daAuts
     D:5: 1793 daAuts
     D:1: 1495 daAuts
     D:3: 1383 daAuts
     D:2: 1118 daAuts
     D:4: 789 daAuts
     D:7: 651 daAuts
